 Dungeon Crawl Stone Soup version 0.29-a0-367-gc2b5878c41 (webtiles) character file.

Game seed: 4033316322368828036

1844 Lekart the Carver (level 8, -4/65 HPs)
             Began as a Grey Draconian Chaos Knight on May 1, 2022.
             Was a Plaything of Xom.
             Slain by a redback (10 damage)
             ... on level 6 of the Dungeon.
             The game lasted 00:12:31 (6141 turns).

Lekart the Carver (Grey Draconian Chaos Knight)     Turns: 6141, Time: 00:12:31

Health: -4/65      AC: 12    Str: 13    XL:     8   Next: 88%
Magic:  8/8        EV: 13    Int: 12    God:    Xom [....*.]
Gold:   358        SH:  0    Dex: 11    Spells: 7/7 levels left

rFire   . . .      SeeInvis .   a - +1 falchion (chaos)
rCold   + . .      Faith    .   (no shield)
rNeg    . . .      Spirit   .   (body armour unavailable)
rPois   .          Reflect  .   (helmet restricted)
rElec   .          Harm     .   f - +0 cloak
rCorr   +          Rampage  .   (no gloves)
Will    .....                   (no boots)
Stlth   +.........              r - amulet of regeneration
HPRegen 1.80/turn               g - ring of protection from cold
MPRegen 0.11/turn               n - ring of resist corrosion

@: lethally poisoned (-4 -> -42)
A: AC +11, amphibious, unfitting armour, cold-blooded, hooves 1, stinger 1,
clumsy 1, frail 1, regeneration 1, weak 1
a: Renounce Religion


You were on level 6 of the Dungeon.
You worshipped Xom.
You were a beloved toy of Xom.
You visited 1 branch of the dungeon, and saw 6 of its levels.
You also visited: Ossuary.

You collected 358 gold pieces.

Inventory:

Hand Weapons
 a - a +1 falchion of chaos (weapon)
Armour
 f - a +0 cloak (worn)
Jewellery
 e - a ring of magical power
 g - a ring of protection from cold (left hand)
 n - a ring of resist corrosion (right hand)
 r - an amulet of regeneration (around neck)
 v - a +4 ring of slaying
Wands
 w - a wand of paralysis (7)
Scrolls
 d - a scroll of magic mapping
 o - 2 scrolls of blinking
 p - 2 scrolls of fear
 q - a scroll of brand weapon
 t - a scroll of enchant armour
 u - a scroll of identify
Potions
 c - 3 potions of mutation
 h - 2 potions of attraction
 i - 2 potions of haste
 j - a potion of invisibility
 k - 2 potions of flight
 l - a potion of brilliance
 m - 3 potions of ambrosia
 s - a potion of curing
Miscellaneous
 b - a piece from Xom's chessboard (7/15) (quivered)


   Skills:
 + Level 7.3 Fighting
 + Level 8.6 Long Blades
 + Level 5.3 Dodging
 + Level 1.4 Evocations


You had 7 spell levels left.
You didn't know any spells.
Your spell library was empty.

Dungeon Overview and Level Annotations

Branches:
Dungeon (6/15)            Ossuary (visited)
 Temple: D:4-7

Altars:
Okawaru
Qazlal

Shops:
D:1 !


Innate Abilities, Weirdness & Mutations

Your dull iron-grey scales are very hard. (AC +11)
You are amphibious.
You cannot fit into any form of body armour.
You are cold-blooded and may be slowed by cold attacks.
You have large cloven feet.
Your tail ends in a venomous barb.
You are clumsy. (Dex -2)
You are frail. (-10% HP)
Your natural rate of healing is unusually fast.
You are weak. (Str -2)


Message History

The two-headed ogre is almost dead.
Xom's power touches on a nearby monster.
The two-headed ogre evaporates and reforms as a redback!
The redback completely misses you.
You barely miss the redback. You kick the redback, but do no damage.
The redback closely misses you.
You barely miss the redback. You kick the redback.
You tail-slap the redback, but do no damage.
The redback is lightly wounded.
The redback bites you.
You barely miss the redback. You kick the redback.
The redback is moderately wounded.
The redback bites you.
You are poisoned.
The redback poisons you! The redback barely misses you.
You hit the redback but do no damage.
The redback is poisoned.
You kick the redback, but do no damage.
You tail-slap the redback, but do no damage.
The redback is moderately wounded.
You feel extremely sick. The redback barely misses you.
You hit the redback. You burn the redback. Your kick misses the redback.
You tail-slap the redback, but do no damage.
The redback is moderately wounded.
You feel very sick. The redback closely misses you.
You barely miss the redback. Your kick misses the redback.
Your punch misses the redback.
The redback is heavily wounded.
You feel extremely sick. The redback bites you.
* * * LOW HITPOINT WARNING * * *
You are lethally poisoned!
The redback poisons you!
You slash the redback!
The redback looks as sick as possible!
The redback is almost dead.
* * * LOW HITPOINT WARNING * * *
You feel extremely sick. The redback misses you. The redback bites you!
You die...

#######......#..))##..#
#......##.#)##..#
#......##.#.##.<# #
#......##.#....## ####
#......##.####.####.#.
#......##.# #.........
#......##.###.#####.#.
#..)...##.>.......####
#....@.######.########
#####s## #.##..†.#
#.#######.##.####
#...................###
#.####.#####.#..#.#....
#.# #.#..#.#.### #.# #
#..#.#.# # #.# #..#.#.#
#.# ##.#.#.#


You could see a redback (extremely poisoned).

Vanquished Creatures
  A water moccasin (D:5)
  The ghost of Ijustatesigmund the Conjurer, an amateur DECj (D:4)
  A black bear (D:5)
  A sky beast (D:4)
  5 ogres
  3 water moccasin zombies (Ossuary)
  2 scorpions (D:5)
  2 vampire bats (D:4)
  A howler monkey (D:3)
  3 hounds
  3 orc priests
  A gnoll shaman (D:5)
  2 iguanas
  3 orc wizards
  2 mummies (Ossuary)
  5 gnolls (D:5)
  10 adders
  A shadow imp (D:5)
  A worm (D:2)
  2 dart slugs
  15 orcs
  10 bats
  6 endoplasms
  7 giant cockroaches
  2 goblins (D:2)
  4 hobgoblins
  4 jackals
  3 quokkas
  13 ball pythons
  5 frilled lizards
  4 gnoll zombies (Ossuary)
  4 hobgoblin zombies (Ossuary)
  7 kobolds
  5 kobold zombies (Ossuary)
  7 orc zombies (Ossuary)
  4 rats
150 creatures vanquished.

Vanquished Creatures (others)
  19 plants (D:3)
19 creatures vanquished.

Grand Total: 169 creatures vanquished

Notes
Turn   | Place    | Note
-------+----------+-------------------------------------------
     0 | D:1      | Lekart the Draconian Chaos Knight began the quest for the
                  | Orb.
     0 | D:1      | Reached XP level 1. HP: 19/19 MP: 1/1
    29 | D:1      | XOM: butterfly on damage
   184 | D:1      | Found Cilaakkaesk's Distillery.
   192 | D:1      | Reached XP level 2. HP: 26/26 MP: 2/2
   298 | D:1      | XOM: divination: detect creatures
   472 | D:1      | XOM: noise
  1040 | D:2      | Reached XP level 3. HP: 33/33 MP: 3/3
  1584 | D:2      | Identified the +4 hunting sling of Quubecs {venom, Dex+2}
  1874 | D:3      | Reached skill level 4 in Long Blades
  1874 | D:3      | Reached XP level 4. HP: 40/40 MP: 4/4
  1959 | D:3      | XOM: smoke on damage
  1965 | D:3      | Reached XP level 5. HP: 14/46 MP: 5/5
  2162 | D:3      | XOM: cloud trail
  2530 | D:3      | Noticed an ogre
  2532 | D:3      | XOM: cast spell 'Discord'
  2536 | D:3      | XOM: butterfly on damage
  2551 | D:3      | Killed an ogre
  2904 | D:4      | Reached skill level 5 in Long Blades
  2904 | D:4      | Reached skill level 1 in Evocations
  2904 | D:4      | Reached XP level 6. HP: 40/53 MP: 6/6
  2915 | D:4      | Found a sand-covered staircase.
  2920 | Ossuary  | Entered an ossuary
  3036 | Ossuary  | XOM: god gift: chain mail {god gift}
  3132 | Ossuary  | XOM: smoke on damage
  3226 | Ossuary  | Reached skill level 5 in Fighting
  3266 | Ossuary  | XOM: 1-stop teleportation journey
  3281 | Ossuary  | XOM: summons 4 hostile demons
  3766 | D:4      | XOM: silly message
  3873 | D:4      | Found a runed translucent gate.
  3885 | D:4      | Found an iron altar of Okawaru.
  3938 | D:4      | Your scales start taking on a dull iron-grey colour.
  3938 | D:4      | Reached XP level 7. HP: 58/61 MP: 7/7
  3973 | D:4      | Found a runed translucent gate.
  3973 | D:4      | Found a runed translucent gate.
  4043 | D:4      | XOM: 4-stop teleportation journey
  4268 | D:4      | XOM: give mutations
  4268 | D:4      | Gained mutation: You are dopey. (Int -2) [Xom's mischief]
  4268 | D:4      | Gained mutation: You are very dopey. (Int -4) [Xom's
                  | mischief]
  4290 | D:4      | Reached skill level 6 in Long Blades
  4346 | D:4      | XOM: give mutations
  4346 | D:4      | Gained mutation: Your flesh is heat resistant. (rF+) [Xom's
                  | mischief]
  4346 | D:4      | Gained mutation: You are frail. (-10% HP) [Xom's mischief]
  4346 | D:4      | Gained mutation: Your spells are a little easier to cast,
                  | but a little less powerful. [Xom's mischief]
  4728 | D:4      | Noticed Ijustatesigmund's ghost (amateur DECj)
  4754 | D:4      | Killed Ijustatesigmund's ghost
  4784 | D:5      | Entered Level 5 of the Dungeon
  4789 | D:5      | XOM: stat loss: -1 Int (7/8)
  4797 | D:5      | XOM: blink monster(s)
  4810 | D:5      | XOM: butterfly on damage
  4814 | D:5      | Reached skill level 7 in Long Blades
  4906 | D:5      | Reached XP level 8. HP: 63/63 MP: 8/8
  5007 | D:5      | XOM: chaos upgrade
  5115 | D:5      | XOM: enchant monster (bad)
  5202 | D:5      | XOM: give mutations
  5202 | D:5      | Gained mutation: You are weak. (Str -2) [Xom's mischief]
  5202 | D:5      | Gained mutation: Potions are less effective at restoring
                  | your health. [Xom's mischief]
  5202 | D:5      | Gained mutation: Your body sometimes deteriorates upon
                  | taking damage. [Xom's mischief]
  5202 | D:5      | Lost mutation: Your spells are a little easier to cast, but
                  | a little less powerful. [Xom's mischief]
  5231 | D:5      | Reached skill level 8 in Long Blades
  5392 | D:5      | Lost mutation: Potions are less effective at restoring your
                  | health. [potion of mutation]
  5392 | D:5      | Lost mutation: You are very dopey. (Int -4) [potion of
                  | mutation]
  5392 | D:5      | Lost mutation: You are dopey. (Int -2) [potion of mutation]
  5392 | D:5      | Gained mutation: Your tail ends in a venomous barb. [potion
                  | of mutation]
  5392 | D:5      | Gained mutation: You have a pair of small horns on your
                  | head. [potion of mutation]
  5393 | D:5      | Lost mutation: Your flesh is heat resistant. (rF+) [potion
                  | of mutation]
  5393 | D:5      | Lost mutation: Your body sometimes deteriorates upon taking
                  | damage. [potion of mutation]
  5393 | D:5      | Gained mutation: Your body sometimes deteriorates upon
                  | taking damage. [potion of mutation]
  5393 | D:5      | Gained mutation: You have large cloven feet. [potion of
                  | mutation]
  5394 | D:5      | Lost mutation: You have a pair of small horns on your head.
                  | [potion of mutation]
  5394 | D:5      | Lost mutation: Your body sometimes deteriorates upon taking
                  | damage. [potion of mutation]
  5394 | D:5      | Gained mutation: Your natural rate of healing is unusually
                  | fast. [potion of mutation]
  5394 | D:5      | Gained mutation: You are clumsy. (Dex -2) [potion of
                  | mutation]
  5411 | D:5      | Reached skill level 5 in Dodging
  5430 | D:5      | XOM: divination: magic mapping
  5440 | D:5      | XOM: cast spell 'Summon Small Mammal'
  5950 | D:6      | Found a stormy altar of Qazlal.
  6117 | D:6      | Noticed a two-headed ogre
  6134 | D:6      | a two-headed ogre changed into a redback
  6134 | D:6      | XOM: polymorph two-headed ogre -> redback
  6141 | D:6      | Slain by a redback

Illustrated notes

Levels and vault maps discovered:
D:1:      dpeg_arrival_shrine, layout_rooms, serial_shops, shop_fountains
D:2:      layout_loops_cross
D:3:      layout_loops_ring, serial_bayou_lagoon_b
D:4:      layout_basic, mainiacjoe_overflow_tiny_flanked,
          ebering_ghost_rock_garden, enter_ossuary_2, roderic_batcave,
          kennysheep_generic_room_8
D:5:      layout_loops_ring
D:6:      layout_basic, kennysheep_mini, lemuel_temple_firewalk_b,
          nicolae_figureground_sparkle

Skill      XL: |  1  2  3  4  5  6  7  8 |
---------------+-------------------------+-----
Long Blades    | 4 5 7 8 |  8.6
Fighting       | 4 5 6 7 |  7.3
Dodging        | 3 4 5 |  5.3
Evocations     | 1 |  1.4

Action                   |  1- 3 |  4- 6 |  7- 9 || total
-------------------------+-------+-------+-------++-------
Melee: Falchion          |   126 |   214 |   272 ||   612
       Tailslap          |    13 |    29 |    43 ||    85
       Punch             |     2 |     4 |     5 ||    11
       Kick              |       |       |    20 ||    20
Evoke: Piece from Xom's  |    15 |     5 |     7 ||    27
       Wand              |       |       |     2 ||     2
  Use: Scroll            |     9 |     4 |     3 ||    16
       Potion            |       |     4 |     8 ||    12
 Stab: Sleeping          |     2 |       |       ||     2
       Petrified         |     1 |    11 |       ||    12
       Paralysed         |       |     2 |     4 ||     6
       Petrifying        |       |       |     1 ||     1
       Distracted        |       |       |     1 ||     1
       Confused          |       |       |     1 ||     1
Armor: Skin              |    53 |    62 |   166 ||   281
Dodge: Dodged            |   102 |   119 |   133 ||   354

Table legend: (Time is in decaauts)
 A = Elapsed time spent in this place.
 B = Non-inter-level travel time spent in this place.
 C = Inter-level travel time spent in this place.
 D = Time resting spent in this place.
 E = Time spent auto-exploring this place.
 F = Levels seen in this place.
 G = Mean time per level.
                   A        B        C        D        E       F      G
               +--------+--------+--------+--------+--------+-----+--------+
         Total |   6168 |   6028 |    140 |    787 |   3872 |   7 |  881.1 |
       Dungeon |   5357 |   5217 |    140 |    471 |   3573 |   6 |  892.8 |
       Ossuary |    811 |    811 |      0 |    316 |    299 |   1 |  811.0 |
               +--------+--------+--------+--------+--------+-----+--------+

Top non-repeatable levels by time:
     D:4: 1127 daAuts
     D:3: 1101 daAuts
     D:1: 1032 daAuts
     D:5: 902 daAuts
 Ossuary: 811 daAuts
     D:2: 797 daAuts
     D:6: 395 daAuts
